 Dungeon Crawl Stone Soup version 0.18.1-48-g4cf74bf (webtiles) character file.

105 Jebus the Poker (level 4, -1/33 HPs)
             Began as a Merfolk Gladiator on Aug 13, 2016.
             Slain by a giant frog (8 damage)
             ... on level 2 of the Dungeon.
             The game lasted 00:03:10 (2342 turns).

Jebus the Poker (Merfolk Gladiator)                 Turns: 2342, Time: 00:03:10

Health: -1/33      AC:  4    Str: 15    XL:     4   Next: 81%
Magic:  4/4        EV: 13    Int:  7    God:
Gold:   98         SH:  0    Dex: 15    Spells: 0 memorised, 3 levels left

rFire  . . .     SeeInvis .     a - +0 trident
rCold  . . .     Gourm    .     b - +0 leather armour
rNeg   . . .     Faith    .     (no shield)
rPois  .         Spirit   .     c - +0 helmet
rElec  .         Dismiss  .     (no cloak)
rCorr  .         Reflect  .     (no gloves)
SustAt .         Harm     .     (no boots)
MR     .....                    (no amulet)
Stlth  +.........               (no ring)
                                (no ring)

@: not resistant to hostile enchantments, very unstealthy
A: change form in water, swift swim
a: no special abilities


You were on level 2 of the Dungeon.
You were not hungry.

You visited 1 branch of the dungeon, and saw 3 of its levels.

You collected 98 gold pieces.

Inventory:

Hand Weapons
 a - a +0 trident (weapon)
Armour
 b - a +0 leather armour (worn)
 c - a +0 helmet (worn)
Scrolls
 e - a scroll of enchant armour {unknown}
 g - a scroll of enchant weapon {unknown}
 h - 2 scrolls of identify {unknown}
 k - 2 scrolls of remove curse {unknown}
 l - a scroll of blinking {unknown}
 m - a scroll of random uselessness {unknown}
 n - a scroll of teleportation {unknown}
 p - a scroll of amnesia {unknown}
 r - a scroll of fear {unknown}
 u - a scroll of recharging {unknown}
Potions
 i - a potion of berserk rage {unknown}
 o - 2 potions of heal wounds {unknown}
 q - a potion of curing {unknown}
 t - a potion of haste {unknown}
 w - 2 potions of brilliance {unknown}
Comestibles
 f - 2 bread rations
 j - a slice of pizza
 s - a royal jelly


   Skills:
 - Level 2.1 Fighting
 + Level 7.8 Polearms
 - Level 2.0 Throwing
 - Level 4.0 Dodging


You had 3 spell levels left.
You didn't know any spells.

Dungeon Overview and Level Annotations

Branches:
Dungeon (3/15)

Altars:
Kikubaaqudgha


Message History

Throwing (i - inventory):
d - 2 throwing nets (quivered)
Press: ? - help, Shift-Dir - straight line, f/p - giant frog
Aim: a giant frog You throw a throwing net.
The throwing net completely misses the giant frog.
The giant frog closely misses you.
Throwing (i - inventory):
d - a throwing net (quivered)
Press: ? - help, Shift-Dir - straight line, f/p - giant frog
Aim: a giant frog You throw a throwing net.
The throwing net closely misses the giant frog.
The giant frog hits you but does no damage.
Firing (i - inventory): No suitable missiles.
Press: ? - help, Shift-Dir - straight line, f/p - giant frog
Aim: a giant frog
Okay, then.
The giant frog hits you but does no damage.
The giant frog misses you. The giant frog hits you!
You die...

#####..# #†.##.....##.# #..
.......# #..#.......#.# #..
######.####### #..#.......#.###..
...###.......# #......_......##..
...#.......#<####.#.......#..[...
...#.#.#.........(#.......#.###.#
.....#....[.).(...##.....##.# #.#
.....#....#...(F..####.####.###.#
......[...##.##.@.......)...#...#
....##.......##.........#.#.#.###
.........######.........#.#.#.###
.##.##...## #.........#........
.##.......# #.>.......###.#.###
.##......## #.........###.#....
.##.##.### #...............##.
.......#########.##.##.#.####....
###.####.......#............[..##


You could see a giant frog.

Vanquished Creatures
  3 gnolls
  An adder (D:2)
  6 worms
  3 dart slugs
  A giant gecko (D:2)
  4 bats
  2 giant cockroaches
  4 goblins
  7 hobgoblins
  4 jackals (D:3)
  4 giant newts
  A kobold (D:2)
  6 rats
  A plant (D:1)
47 creatures vanquished.

Notes
Turn   | Place    | Note
--------------------------------------------------------------
     0 | D:1      | Jebus the Merfolk Gladiator began the quest for the Orb.
     0 | D:1      | Reached XP level 1. HP: 16/16 MP: 1/1
   113 | D:1      | Reached skill level 5 in Polearms
   164 | D:1      | Reached XP level 2. HP: 22/22 MP: 2/2
   914 | D:2      | Reached XP level 3. HP: 25/27 MP: 3/3
   972 | D:2      | Reached skill level 6 in Polearms
  1108 | D:2      | Found an ancient bone altar of Kikubaaqudgha.
  1608 | D:1      | Reached skill level 7 in Polearms
  1608 | D:1      | Reached XP level 4. HP: 29/33 MP: 4/4
  2296 | D:3      | Noticed a giant frog
  2342 | D:2      | Slain by a giant frog

Skill      XL: |  1  2  3 |
---------------+----------+-----
Polearms       | 5 7 |  7.8
Fighting       | |  2.1
Throwing       | |  2.0
Dodging        | |  4.0

Action                   |  1- 3 |  4- 6 || total
-------------------------+-------+-------++-------
Melee: Trident           |   139 |    67 ||   206
       Tailslap          |    11 |       ||    11
Throw: Throwing net      |       |     3 ||     3
 Stab: Sleeping          |     4 |     2 ||     6
  Eat: Chunk             |     2 |     3 ||     5
Armor: Leather armour    |    10 |    24 ||    34
Dodge: Dodged            |    42 |    57 ||    99
